 Dungeon Crawl Stone Soup version 0.29.1-1-gd02db69 (webtiles) character file.

Game seed: 4262401045349931085

28377 Timinator the Martial Artist (level 12, 0/96 HPs)
             Began as a Demigod Transmuter on Dec 19, 2022.
             Slain by a komodo dragon (16 damage)
             ... on level 4 of the Lair of Beasts.
             The game lasted 01:13:16 (17945 turns).

Timinator the Martial Artist (Demigod Transmuter)  Turns: 17945, Time: 01:13:17

Health: 0/96       AC: 21    Str: 25    XL:     12   Next: 75%
Magic:  26/26      EV: 18    Int: 14    God:
Gold:   851        SH:  0    Dex: 25    Spells: 16/25 levels left

rFire   . . .      SeeInvis +     - Unarmed
rCold   . . .      Faith    .   (no shield)
rNeg    + . .      Spirit   .   a - +5 ring mail {rN+}
rPois   .          Reflect  .   (helmet currently unavailable)
rElec   .          Harm     .   x - +0 cloak "Coej" {Str+6 SInv Stlth+}
rCorr   +          Rampage  .   M - +2 pair of gloves
Will    +....      Clarity  +   (boots currently unavailable)
Stlth   ++........              H - amulet of magic regeneration
HPRegen 0.26/turn               k - +4 ring of protection
MPRegen 0.60/turn               t - ring of resist corrosion

@: appendages, wereblooded
A: horns 2, talons 2, high MP 1, forlorn, divine attributes, clarity, shaggy fur
1, strong 1
a: End Transformation


You were on level 4 of the Lair of Beasts.
You had temporarily grown beastly horns and talons.
You visited 2 branches of the dungeon, and saw 14 of its levels.

You collected 1079 gold pieces.
You spent 228 gold pieces at shops.

Inventory:

Missiles
 h - 11 javelins (quivered)
 i - a throwing net
 w - 3 boomerangs of dispersal
Armour
 a - a +5 ring mail of positive energy (worn)
 x - the +0 cloak "Coej" (worn) {Str+6 SInv Stlth+}
   (You bought it in a shop on level 2 of the Dungeon)

   Str:       It affects your strength (+6).
   SInv:      It lets you see invisible.
   Stlth:     It makes you more stealthy.
 B - a +2 cloak
 E - a +0 ring mail of cold resistance
 J - a +2 hat (melded)
 M - a +2 pair of gloves (worn)
 R - +0 acid dragon scales
 U - the +1 leather armour of the Resonant God {rN+ Str+4 Int+2}
   (You found it on level 2 of the Lair of Beasts)

   Str:       It affects your strength (+4).
   Int:       It affects your intelligence (+2).
   rN:        It protects you from negative energy.
Jewellery
 k - a +4 ring of protection (left hand)
 t - a ring of resist corrosion (right hand)
 v - a ring of ice
 H - an amulet of magic regeneration (around neck)
 Q - a ring of magical power
 S - a +4 ring of protection
 T - a ring of willpower
 V - a +4 ring of evasion
Wands
 y - a wand of paralysis (11)
 z - a wand of flame (44)
 K - a wand of mindburst (22)
Scrolls
 b - a scroll of vulnerability {unknown}
 d - 3 scrolls of noise
 e - a scroll of enchant armour
 f - 2 scrolls of poison
 o - 3 scrolls of fog {unknown}
 p - a scroll of acquirement {unknown}
 r - a scroll of amnesia {unknown}
 s - 2 scrolls of enchant weapon
 A - 2 scrolls of magic mapping
 C - 4 scrolls of blinking
 F - a scroll of fear {unknown}
 I - 3 scrolls of identify
 L - 5 scrolls of teleportation
 O - a scroll of summoning {unknown}
 P - 3 scrolls of brand weapon {unknown}
 W - a scroll of silence {unknown}
Potions
 c - a potion of haste
 g - a potion of heal wounds
 j - a potion of resistance
 l - 6 potions of curing
 m - 8 potions of flight
 n - 4 potions of attraction
 q - a potion of ambrosia
 u - 2 potions of magic
 D - a potion of invisibility {unknown}
 G - a potion of might
 N - 2 potions of brilliance


   Skills:
 + Level 6.2 Fighting
 + Level 7.3 Armour
 * Level 8.8 Dodging
 + Level 11.5 Unarmed Combat
 + Level 7.0 Spellcasting
 * Level 9.4 Transmutations
 - Level 1.1 Evocations


You had 16 spell levels left.
You knew the following spells:

 Your Spells              Type           Power      Damage    Failure   Level
a - Beastly Appendage     Tmut           62%        N/A       1%          1
b - Wereblood             Tmut           31%        N/A       1%          2
c - Ice Form              Ice/Tmut       18%        N/A       30%         4
d - Passwall              Tmut/Erth      15%        N/A       4%          2

Your spell library contained the following spells:

 Spells                   Type           Power      Damage    Failure   Level
 Spider Form              Tmut/Pois      18%        N/A       9%          3
 Ignite Poison            Fire/Tmut/Pois 13%        N/A       17%         3
 Sandblast                Erth           8%         2d5       21%         1
 Slow                     Hex            16%        N/A       21%         1
 Static Discharge         Conj/Air       4%         3-4/arc   30%         2
 Confusing Touch          Hex            4%         N/A       52%         3
 Gell's Gravitas          Tloc           4%         N/A       52%         3
 Lesser Beckoning         Tloc           4%         N/A       52%         3
 Mephitic Cloud           Conj/Pois/Air  4%         N/A       52%         3
 Ozocubu's Armour         Ice            4%         N/A       52%         3
 Stone Arrow              Conj/Erth      8%         3d7       52%         3
 Teleport Other           Tloc           4%         N/A       52%         3
 Vampiric Draining        Necr           4%         2d6       52%         3
 Animate Dead             Necr           4%         N/A       90%         4
 Dispel Undead            Necr           4%         3d7       90%         4
 Sticky Flame             Conj/Fire      4%         2d3       90%         4
 Freezing Cloud           Conj/Ice/Air   2%         6-21      99%         5
 Metabolic Englaciation   Hex/Ice        2%         N/A       99%         5
 Dispersal                Tloc           2%         N/A       100%        6
 Simulacrum               Ice/Necr       2%         N/A       100%        6
 Haunt                    Necr/Summ      2%         N/A       100%        7
 Infestation              Necr           2%         N/A       100%        8


Dungeon Overview and Level Annotations

Branches:
Dungeon (10/15)            Temple (0/1) D:5            Lair (4/5) D:8
 Shoals (0/4) Lair:2       Spider (0/4) Lair:3
  Slime: Lair:4-5       Orc: D:9-12

Shops:
D:2 [   D:3 *   D:9 *

Annotations:
Lair:4 exclusion: oklob plant


Innate Abilities, Weirdness & Mutations

You have temporarily grown beastly horns and talons.
You have an increased reservoir of magic. (+10% MP)
You shall have no god before yourself.
Your divine heritage dramatically boosts your attributes as you level up.
You possess an exceptional clarity of mind.
You are covered in fur. (AC +1)
Your muscles are strong. (Str +4, Int/Dex -1)


Message History

You barely miss the blink frog. You claw the blink frog.
You headbutt the blink frog! Your punch misses the blink frog.
The blink frog is heavily wounded.
The blink frog misses you. The blink frog barely misses you.
The blink frog misses you.
You miss the blink frog.
You claw the blink frog, but do no damage.
Your headbutt misses the blink frog.
The blink frog is heavily wounded.
The blink frog misses you.
The blink frog hits you but does no damage.
The blink frog blinks!
The blink frog hits you! The blink frog barely misses you.
You miss the blink frog. You claw the blink frog!
The blink frog is severely wounded.
The blink frog misses you. The komodo dragon barely misses you.
The blink frog completely misses you. The blink frog barely misses you.
The blink frog hits you.
* * * LOW HITPOINT WARNING * * *
Unknown command.
You completely miss the blink frog. Your kick misses the blink frog.
Your headbutt misses the blink frog.
The blink frog is severely wounded.
The blink frog hits you but does no damage.
The komodo dragon barely misses you. The blink frog closely misses you.
The blink frog barely misses you.
You hit the blink frog.
The blink frog is almost dead.
The blink frog hits you.
* * * LOW HITPOINT WARNING * * *
The blink frog closely misses you. The komodo dragon bites you!
* * * LOW HITPOINT WARNING * * *
The blink frog barely misses you. The blink frog completely misses you.
The blink frog barely misses you.
You miss the blink frog. Your kick misses the blink frog.
The blink frog is almost dead.
The blink frog barely misses you. The blink frog completely misses you.
The blink frog hits you but does no damage.
The komodo dragon bites you!
You die...

§..........
........##
≈..##.......#
#....†#...##
#.....# # ##...##
.# #P†..####$(###
...#..F†........#
.......F@......#..#
.......lFF.........
...................
###..###..........[
#.. .#.....#..PP
#... ###.....#.?PP
##. #..(.#...PP
....##P


You could see a komodo dragon and 4 blink frogs.

Vanquished Creatures
  Gastronok (D:8)
  A hydra (Lair:1)
  A two-headed ogre (D:9)
  Erica (Lair:1)
  The ghost of Hero the Reanimator, a novice DsNe of Nemelex Xobeh (D:8)
  Pikel (D:8)
  2 oklob plants (Lair:1)
  4 elephants
  Maurice (D:8)
  3 black mambas
  Joseph (D:8)
  A torpor snail (Lair:2)
  6 cane toads
  An unseen horror (D:10)
  A kobold demonologist (D:9)
  2 rime drakes (Lair:1)
  2 komodo dragons
  3 trolls
  A polar bear (Lair:3)
  16 blink frogs
  Prince Ribbit (D:8)
  A shadow (D:10)
  6 culicivoras (Lair:3)
  A wyvern (Lair:4)
  A wraith (D:10)
  35 yaks
  5 basilisks
  Eustachio (D:4)
  A steam dragon (D:9)
  Edmund (D:5)
  2 acid dragons (D:10)
  5 water moccasins
  2 black bears
  A hornet zombie (D:8)
  An orc warrior (D:9)
  A sky beast (D:7)
  2 ice beasts
  4 wolves (Lair:2)
  An ogre (D:7)
  A centaur (D:8)
  A phantom (D:5)
  5 kobold brigands
  17 bullfrogs
  2 gnoll sergeants
  4 necrophages
  A scorpion (D:4)
  6 killer bees (D:8)
  5 jellies
  6 hounds
  2 gnoll boudas
  5 orc priests
  Jessica (D:3)
  Natasha (thrice) (D:3)
  4 iguanas
  9 orc wizards
  9 hell rats
  A killer bee zombie (D:8)
  9 river rats (Lair:3)
  9 adders
  24 gnolls
  A shadow imp (D:5)
  3 white imps
  2 ufetubi
  4 worms
  A dart slug (D:1)
  41 orcs
  10 endoplasms
  5 giant cockroaches
  6 hobgoblins
  26 kobolds
  5 quokkas
  6 ball pythons
  4 bats
  2 frilled lizards (D:1)
  9 goblins
  7 rats
378 creatures vanquished.

Vanquished Creatures (others)
  30 fungi
  33 plants
63 creatures vanquished.

Grand Total: 441 creatures vanquished

Notes
Turn   | Place    | Note
-------+----------+-------------------------------------------
     0 | D:1      | Timinator the Demigod Transmuter began the quest for the
                  | Orb.
     0 | D:1      | Reached XP level 1. HP: 15/15 MP: 5/5
   136 | D:1      | Reached skill level 1 in Fighting
   434 | D:1      | Reached XP level 2. HP: 22/23 MP: 5/7
   604 | D:1      | Reached skill level 3 in Unarmed Combat
  1205 | D:1      | Reached XP level 3. HP: 28/28 MP: 6/8
  1887 | D:2      | Reached skill level 1 in Armour
  1954 | D:2      | Found Quneties's Antique Armour Emporium.
  2641 | D:3      | Noticed Natasha
  2641 | D:3      | Noticed Jessica
  2652 | D:3      | Killed Natasha
  2653 | D:3      | Reached XP level 4. HP: 35/35 MP: 8/10
  2654 | D:3      | Killed Jessica
  3158 | D:3      | Noticed Natasha
  3174 | D:3      | Killed Natasha
  3175 | D:3      | Reached XP level 5. HP: 20/40 MP: 11/11
  3372 | D:3      | Found Exiaj's Assorted Antiques.
  3372 | D:3      | You fall into a shaft and drop 3 floors!
  3403 | D:5      | Entered Level 5 of the Dungeon
  3429 | D:4      | Noticed Eustachio
  3439 | D:4      | Killed Eustachio
  3440 | D:4      | Reached skill level 4 in Unarmed Combat
  3440 | D:4      | Reached XP level 6. HP: 48/48 MP: 12/12
  3730 | D:3      | Noticed Natasha
  3735 | D:3      | Killed Natasha
  4088 | D:2      | Bought a faintly glowing cloak for 228 gold pieces
  4088 | D:2      | Identified the +0 cloak "Coej" {Str+6 SInv Stlth+} (You
                  | bought it in a shop on level 2 of the Dungeon)
  4271 | D:3      | Learned a level 2 spell: Wereblood
  4603 | D:4      | Reached XP level 7. HP: 55/56 MP: 14/14
  5626 | D:5      | Noticed Edmund
  5645 | D:5      | Gained mutation: You possess an exceptional clarity of
                  | mind. [potion of mutation]
  5645 | D:5      | Gained mutation: You are covered in fur. (AC +1) [potion of
                  | mutation]
  5645 | D:5      | Gained mutation: Your muscles are strong. (Str +4, Int/Dex
                  | -1) [potion of mutation]
  5661 | D:5      | Killed Edmund
  5999 | D:5      | Reached skill level 5 in Unarmed Combat
  6227 | D:5      | Reached XP level 8. HP: 63/63 MP: 13/16
  6638 | D:5      | Found a staircase to the Ecumenical Temple.
  8138 | D:7      | Reached skill level 6 in Unarmed Combat
  8147 | D:7      | Reached skill level 5 in Transmutations
  8170 | D:7      | Reached XP level 9. HP: 62/71 MP: 15/18
  8648 | D:8      | Noticed Joseph
  8654 | D:8      | Noticed Prince Ribbit
  8663 | D:8      | Killed Joseph
  8664 | D:8      | Reached skill level 5 in Dodging
  8944 | D:8      | Reached skill level 5 in Armour
  8975 | D:8      | Reached skill level 7 in Unarmed Combat
  9302 | D:8      | Killed Prince Ribbit
  9303 | D:8      | Reached skill level 5 in Fighting
  9354 | D:8      | Noticed Gastronok
  9383 | D:8      | Killed Gastronok
  9384 | D:8      | Reached XP level 10. HP: 81/81 MP: 20/20
  9740 | D:8      | Found a staircase to the Lair.
 10134 | D:8      | Found a runed translucent gate.
 10134 | D:8      | Found a runed translucent gate.
 10134 | D:8      | Found a runed translucent gate.
 10134 | D:8      | Noticed Hero's ghost (novice DsNe)
 10137 | D:8      | Noticed Maurice
 10168 | D:8      | Killed Maurice
 10295 | D:8      | Killed Hero's ghost
 10296 | D:8      | Reached skill level 8 in Unarmed Combat
 10549 | D:8      | Learned a level 4 spell: Ice Form
 10584 | D:9      | Noticed Pikel
 10591 | D:8      | Reached skill level 5 in Spellcasting
 10597 | D:8      | Killed Pikel
 10839 | D:9      | Learned a level 2 spell: Passwall
 11005 | D:9      | Noticed a two-headed ogre
 11019 | D:9      | Killed a two-headed ogre
 11495 | D:9      | Found Degou's Lightly-Used Armoury.
 11652 | D:10     | Entered Level 10 of the Dungeon
 11787 | D:10     | Reached XP level 11. HP: 81/89 MP: 22/22
 12905 | Lair:1   | Entered Level 1 of the Lair of Beasts
 12929 | Lair:1   | Noticed a four-headed hydra
 12941 | Lair:1   | Killed a four-headed hydra
 13481 | Lair:1   | Reached skill level 9 in Unarmed Combat
 13481 | Lair:1   | Reached skill level 1 in Evocations
 14259 | Lair:1   | Noticed Erica
 14265 | Lair:1   | Killed Erica
 15180 | Lair:2   | Reached skill level 10 in Unarmed Combat
 15331 | Lair:2   | Reached XP level 12. HP: 96/96 MP: 25/25
 15629 | Lair:2   | Identified the +1 leather armour of the Resonant God {rN+
                  | Str+4 Int+2}
 15792 | Lair:2   | Found a staircase to the Shoals.
 16429 | Lair:3   | Reached skill level 11 in Unarmed Combat
 16995 | Lair:3   | Found a hole to the Spider Nest.
 17945 | Lair:4   | Slain by a komodo dragon

Illustrated notes

Levels and vault maps discovered:
D:1:      onia_arrival_pentagram, layout_basic, serial_corexii_hall,
          chequers_hall_statues_y, corexii_hall_statues_i,
          corexii_hall_statues_x
D:2:      layout_basic, basic_altar, serial_shops, shop
D:3:      layout_rooms, mainiacjoe_overflow_24_doors,
          shapermc_ecumenical_altar_mp_vishouse, serial_shops, shop,
          uniq_natasha, uniq_jessica
D:4:      layout_basic, grunt_tough_drop, uniq_eustachio
D:5:      layout_basic, minmay_temple_entry_wispy, st_stairs_1,
          nicolae_elevator_lobby_plus, uniq_edmund
D:6:      layout_basic, kennysheep_small_square
D:7:      layout_loops_ring, eino_small_chamber_without_monster
D:8:      layout_layer_cave, nicolae_yredelemnul_ghost_church,
          amethyst_overflow_temple_binary, david_lair_shrubbed, uniq_gastronok,
          uniq_joseph, uniq_maurice, uniq_prince_ribbit1
D:9:      layout_roguey, minmay_shop_damaged, uniq_pikel
D:10:     layout_layer_cave, mainiacjoe_overflow_chevrons,
          nicolae_ru_sacrificial_ziggurat
Lair:1:   minmay_lair_oklob_chamber, layout_loops_ring, st_stairs_8,
          grunt_megastairs_1, uniq_erica
Lair:2:   layout_gridlike, elwin_shoals_entry_rocks
Lair:3:   layout_misc_corridors, hellmonk_spider_entry_life_and_decay,
          serial_bayou_pond_e, kennysheep_rathole, grunt_megastairs_4
Lair:4:   layout_small_grid, minmay_slime_entry_oklob_enclosed,
          nicolae_volcano_entry_lava_flow, minmay_lair_oklob_bushes

Skill      XL: |  1  2  3  4  5  6  7  8  9 10 11 12 |
---------------+-------------------------------------+-----
Fighting       | 1 2 3 4 5 6 |  6.2
Transmutations | 2 3 5 6 7 8 9 |  9.4
Unarmed Combat | 3 4 5 6 7 8 10 11 | 11.5
Dodging        | 2 3 4 5 6 7 8 |  8.8
Spellcasting   | 2 3 4 5 6 7 |  7.0
Armour         | 1 2 3 4 5 6 7 |  7.3
Evocations     | 1 |  1.1

Action                   |  1- 3 |  4- 6 |  7- 9 | 10-12 || total
-------------------------+-------+-------+-------+-------++-------
Melee: Unarmed           |   125 |   115 |   358 |   673 ||  1271
       Kick              |    29 |    28 |   131 |   263 ||   451
       Headbutt          |    20 |    20 |    86 |   154 ||   280
       Punch             |     4 |     1 |    21 |    45 ||    71
Throw: Javelin           |       |       |       |     9 ||     9
 Cast: Beastly Appendage |    34 |    18 |    50 |    64 ||   166
       Wereblood         |       |     2 |    15 |    29 ||    46
Evoke: Wand              |       |       |       |    24 ||    24
  Use: Potion            |       |     3 |     3 |     7 ||    13
       Scroll            |       |     6 |     1 |    14 ||    21
 Stab: Sleeping          |     4 |       |     3 |     2 ||     9
Armor: Robe              |     9 |       |       |       ||     9
       Leather armour    |     5 |    30 |       |       ||    35
       Skin              |       |    41 |       |    17 ||    58
       Ring mail         |       |    15 |   129 |   202 ||   346
       Acid dragon scale |       |       |       |    38 ||    38
Dodge: Dodged            |    66 |    55 |   221 |   504 ||   846
